 Dungeon Crawl Stone Soup version 0.27.1-3-gb3d3a73c9e (webtiles) character file.

Game seed: 17074159350891096249

10587 Name63 the Destroyer (level 11, -1/83 HPs)
             Began as a Gnoll Conjurer on Oct 21, 2021.
             Slain by a five-headed hydra (4 damage)
             ... on level 11 of the Dungeon.
             The game lasted 00:21:20 (13666 turns).

Name63 the Destroyer (Gnoll Conjurer)              Turns: 13666, Time: 00:21:21

Health: -1/83      AC:  8    Str:  8    XL:     11   Next: 64%
Magic:  3/23       EV: 14    Int: 27    God:
Gold:   569        SH:  0    Dex: 13    Spells: 13/26 levels left

rFire    + . .     SeeInvis .   t - +9 rapier "Beetleslayer" {flame, Dex+2}
rCold    + . .     Faith    .   (no shield)
rNeg     . . .     Spirit   .   O - +0 troll leather armour
rPois    .         Reflect  .   n - +1 helmet
rElec    .         Harm     .   g - scarf {rC+ rF+}
rCorr    .         Rampage  .   q - +0 pair of gloves
Will     .....                  (no boots)
Stlth    +++.......             (no amulet)
HPRegen  1.23/turn              f - +6 ring of intelligence
MPRegen  0.18/turn              z - ring of wizardry

@: unable to read, slowed, studying 2 skills, very slow
A: fangs 1, strong nose, distributed training, hooves 1, strong 1, inability to
read while threatened, MP-powered wands
a: no special abilities


You were on level 11 of the Dungeon.
You visited 2 branches of the dungeon, and saw 12 of its levels.
You also visited: Ossuary.

You collected 569 gold pieces.

Inventory:

Hand Weapons
 t - the +9 rapier "Beetleslayer" (weapon) {flame, Dex+2}
   (You acquired it on level 7 of the Dungeon)

   It burns those it strikes, dealing additional fire damage.
   Dex:       It affects your dexterity (+2).
 I - a +3 scimitar of flaming
Missiles
 a - 15 boomerangs
Armour
 g - a scarf of resistance (worn)
 m - a +3 ring mail
 n - a +1 helmet (worn)
 q - a +0 pair of gloves (worn)
 K - +0 acid dragon scales
 O - a +0 troll leather armour (worn)
Magical Staves
 C - a staff of earth
 E - a staff of fire
Jewellery
 f - a +6 ring of intelligence (left hand)
 p - a ring of fire
 s - a ring of flight
 z - a ring of wizardry (right hand)
 N - a ring of magical power
Wands
 r - a wand of charming (13)
 w - a wand of mindburst (20)
 F - a wand of digging (4)
 J - a wand of flame (18)
Scrolls
 b - 2 scrolls of amnesia
 d - a scroll of silence
 h - a scroll of vulnerability
 j - 2 scrolls of summoning
 u - 2 scrolls of enchant weapon {unknown}
 v - 4 scrolls of fear
 y - a scroll of enchant armour
Potions
 c - a potion of magic {unknown}
 e - 3 potions of attraction
 i - 2 potions of invisibility
 k - a potion of haste {unknown}
 l - 5 potions of curing
 o - a potion of lignification {unknown}
 x - 2 potions of brilliance
 A - 3 potions of might
 B - a potion of berserk rage {unknown}
 D - 3 potions of flight
 G - 2 potions of cancellation {unknown}
 H - 4 potions of heal wounds {unknown}
 L - a potion of resistance {unknown}
 M - a potion of degeneration {unknown}


   Skills:
 + Level 6.5 Fighting
 + Level 8.8 Short Blades
 + Level 6.5 Long Blades
 + Level 6.5 Axes
 + Level 6.5 Maces & Flails
 + Level 6.5 Polearms
 + Level 6.5 Staves
 + Level 6.5 Slings
 + Level 6.5 Bows
 + Level 6.5 Crossbows
 + Level 6.5 Throwing
 + Level 6.5 Armour
 + Level 8.0 Dodging
 + Level 7.8 Stealth
 + Level 6.5 Shields
 + Level 7.9 Unarmed Combat
 + Level 8.3 Spellcasting
 + Level 9.0 Conjurations
 + Level 5.3 Hexes
 + Level 5.3 Summonings
 + Level 5.3 Necromancy
 + Level 5.3 Translocations
 + Level 5.3 Transmutations
 + Level 5.3 Fire Magic
 + Level 5.3 Ice Magic
 + Level 5.3 Air Magic
 + Level 5.3 Earth Magic
 + Level 5.3 Poison Magic
 + Level 7.1 Invocations
 + Level 6.5 Evocations


You had 13 spell levels left.
You knew the following spells:

 Your Spells              Type           Power      Damage    Failure   Level
a - Ensorcelled Hibernat  Hex/Ice        80%        N/A       1%          2
b - Searing Ray           Conj           100%       3d7       1%          2
c - Fulminant Prism       Conj/Hex       25%        3d14      1%          4
d - Iskenderun's Mystic   Conj/Tloc      50%        2d11      1%          4
e - Apportation           Tloc           80%        N/A       1%          1

Your spell library contained the following spells:

 Spells                   Type           Power      Damage    Failure   Level
 Freeze                   Ice            100%       1d11      1%          1
 Magic Dart               Conj           100%       1d8       1%          1
 Dazzling Flash           Conj/Hex       100%       N/A       1%          3
 Frozen Ramparts          Ice            80%        1d10      1%          3
 Spider Form              Tmut/Pois      20%        N/A       1%          3
 Summon Guardian Golem    Hex/Summ       40%        N/A       1%          3
 Hailstorm                Conj/Ice       50%        3d11      1%          4
 Iskenderun's Battlesphe  Conj           56%        2d11      1%          5
 Ice Form                 Ice/Tmut       40%        N/A       3%          4
 Summon Ice Beast         Ice/Summ       40%        N/A       3%          4
 Alistair's Intoxication  Tmut/Pois      26%        N/A       9%          5
 Iron Shot                Conj/Erth      25%        9d5       22%         6
 Invisibility             Hex            20%        N/A       41%         6
 Shadow Creatures         Summ           N/A        N/A       41%         6
 Orb of Destruction       Conj           28%        9d11      47%         7
 Spellforged Servitor     Conj/Summ      25%        N/A       73%         7


Dungeon Overview and Level Annotations

Branches:
Dungeon (11/15)            Temple (1/1) D:6            Lair (0/6) D:8
Ossuary (visited)
    Orc: D:9-12

Altars:
Ashenzari
Cheibriados
Dithmenos
Elyvilon
Fedhas
Gozag
Hepliaklqana
Kikubaaqudgha
Makhleb
Nemelex Xobeh
Okawaru
Qazlal
Ru
Sif Muna
Trog
Uskayaw
Vehumet
Wu Jian
Xom
Yredelemnul
Zin
The Shining One

Shops:
D:7 =

Annotations:
D:2 1 exclusion


Innate Abilities, Weirdness & Mutations

You have very sharp teeth.
Your uncanny sense of smell can sniff out nearby items.
Your experience applies equally to all skills.
You have large cloven feet.
Your muscles are strong. (Str +2)
You sometimes lose the ability to read scrolls when taking damage.
You expend magic power (3 MP) to strengthen your wands.


Message History

The kobold demonologist is severely wounded.
The blast of energy engulfs the kobold brigand!!
The kobold brigand is severely wounded.
The blast of energy engulfs the five-headed hydra!!
The five-headed hydra is heavily wounded.
The five-headed hydra barely misses you.
The five-headed hydra completely misses you.
The five-headed hydra barely misses you.
The five-headed hydra bites you!
You feel threatened and lose the ability to read scrolls!
The five-headed hydra bites you!
You hear a shout! x2
Casting: Fulminant Prism (dangerous; 1% risk of failure)
Confirm with . or Enter, or press ? or * to list all spells.
You erupt in a blast of force!
The mystic blast hits the kobold demonologist!
You kill the kobold demonologist!
The hellwing disappears in a puff of smoke!
The mystic blast hits the five-headed hydra!
The five-headed hydra is almost dead.
The five-headed hydra is knocked back by the mystic blast.
Casting: Iskenderun's Mystic Blast (dangerous; 1% risk of failure)
Confirm with . or Enter, or press ? or * to list all spells.
You don't have enough magic to cast this spell.
You puncture the five-headed hydra! You burn the five-headed hydra.
The five-headed hydra is almost dead.
The five-headed hydra bites you!
The five-headed hydra bites you but does no damage. x2
The five-headed hydra bites you!
* * * LOW HITPOINT WARNING * * *
The five-headed hydra bites you!
* * * LOW HITPOINT WARNING * * *
You completely miss the five-headed hydra.
The five-headed hydra is almost dead.
The five-headed hydra bites you!
* * * LOW HITPOINT WARNING * * *
The five-headed hydra misses you. The five-headed hydra bites you.
* * * LOW HITPOINT WARNING * * *
The five-headed hydra bites you.
You die...

.. #.# ..###
#.#..
#####...###.###
...............
#..# ###
##.###.....
#@.....#
#D###.....
##K### ###
#....# #<...# ∆
###..# ..# ..#
#.#


You could see a five-headed hydra and a kobold brigand.

Vanquished Creatures
  A hydra (D:7)
  Erica (D:9)
  3 two-headed ogres (D:10)
  Maggie (D:9)
  An unseen horror (D:10)
  2 komodo dragons
  A kobold demonologist (D:11)
  2 hornets
  2 trolls
  A shadow (D:7)
  Sigmund (D:3)
  3 yaks (D:9)
  2 wyverns (D:10)
  2 steam dragons
  An acid dragon (D:9)
  3 water moccasins
  6 orc warriors
  An ice beast (D:8)
  2 black bears
  3 necrophages
  2 ogres
  A phantom (D:7)
  2 centaurs
  2 elf zombies (Ossuary)
  4 bullfrogs
  2 gnoll sergeants
  A scorpion (D:6)
  A water moccasin zombie (D:4)
  8 killer bees
  A wight (D:9)
  A howler monkey (D:6)
  3 centaur zombies
  7 orc priests
  2 hounds (D:6)
  2 human zombies (Ossuary)
  2 iguanas
  4 orc wizards
  A hound zombie (D:5)
  2 mummies (Ossuary)
  Robin (D:2)
  A howler monkey skeleton (D:7)
  10 adders
  17 gnolls
  2 white imps
  3 adder zombies (Ossuary)
  3 adder skeletons
  A worm (D:2)
  4 dart slugs
  23 orcs
  6 ball pythons
  7 bats
  4 endoplasms (D:2)
  3 giant cockroaches (D:1)
  10 hobgoblins
  A jackal (D:2)
  7 kobolds
  2 quokkas
  5 frilled lizards
  15 goblins
  A goblin zombie (Ossuary)
  9 hobgoblin zombies (Ossuary)
  2 jackal zombies (Ossuary)
  10 kobold zombies (Ossuary)
  6 orc zombies (Ossuary)
  5 rats
  A rat zombie (Ossuary)
246 creatures vanquished.

Vanquished Creatures (others)
  A giant cockroach (D:2)
  4 fulminant prisms
  A withered plant (D:4)
6 creatures vanquished.

Grand Total: 252 creatures vanquished

Notes
Turn   | Place    | Note
-------+----------+-------------------------------------------
     0 | D:1      | Name63 the Gnoll Conjurer began the quest for the Orb.
     0 | D:1      | Reached XP level 1. HP: 13/13 MP: 6/6
   186 | D:1      | Reached XP level 2. HP: 19/19 MP: 5/7
   486 | D:1      | You fall into a shaft and drop 1 floor!
   574 | D:2      | Reached XP level 3. HP: 25/25 MP: 2/9
   635 | D:2      | Reached skill level 5 in Spellcasting
   795 | D:2      | Learned a level 2 spell: Searing Ray
   935 | D:2      | Reached skill level 1 in Invocations
   962 | D:2      | Reached skill level 1 in Fighting
   962 | D:2      | Reached skill level 1 in Short Blades
   962 | D:2      | Reached skill level 1 in Long Blades
   962 | D:2      | Reached skill level 1 in Axes
   962 | D:2      | Reached skill level 1 in Maces & Flails
   962 | D:2      | Reached skill level 1 in Polearms
   962 | D:2      | Reached skill level 1 in Staves
   962 | D:2      | Reached skill level 1 in Slings
   962 | D:2      | Reached skill level 1 in Bows
   962 | D:2      | Reached skill level 1 in Crossbows
   962 | D:2      | Reached skill level 1 in Throwing
   962 | D:2      | Reached skill level 1 in Armour
   962 | D:2      | Reached skill level 1 in Shields
   962 | D:2      | Reached skill level 1 in Unarmed Combat
   962 | D:2      | Reached skill level 1 in Evocations
   962 | D:2      | Reached XP level 4. HP: 32/32 MP: 2/11
  1251 | D:2      | Noticed Robin
  1262 | D:2      | Killed Robin
  1468 | D:1      | Reached skill level 1 in Hexes
  1468 | D:1      | Reached skill level 1 in Summonings
  1468 | D:1      | Reached skill level 1 in Necromancy
  1468 | D:1      | Reached skill level 1 in Translocations
  1468 | D:1      | Reached skill level 1 in Transmutations
  1468 | D:1      | Reached skill level 1 in Fire Magic
  1468 | D:1      | Reached skill level 1 in Ice Magic
  1468 | D:1      | Reached skill level 1 in Air Magic
  1468 | D:1      | Reached skill level 1 in Earth Magic
  1468 | D:1      | Reached skill level 1 in Poison Magic
  2077 | D:2      | Reached XP level 5. HP: 37/37 MP: 8/12
  3395 | D:3      | Noticed Sigmund
  3403 | D:3      | Killed Sigmund
  3404 | D:3      | Reached skill level 5 in Dodging
  3404 | D:3      | Reached XP level 6. HP: 38/44 MP: 8/14
  3566 | D:3      | Learned a level 4 spell: Fulminant Prism
  3571 | D:3      | Learned a level 4 spell: Iskenderun's Mystic Blast
  3732 | D:4      | Found a basalt altar of Yredelemnul.
  3995 | D:4      | Reached XP level 7. HP: 51/51 MP: 10/15
  4461 | D:4      | Gained mutation: You are covered in fur. (AC +1) [potion of
                  | mutation]
  4463 | D:5      | Entered Level 5 of the Dungeon
  4652 | D:5      | Reached skill level 5 in Stealth
  4784 | D:5      | Found a radiant altar of Vehumet.
  5346 | D:5      | Found a sparkling altar of Nemelex Xobeh.
  5347 | D:5      | Found an opulent altar of Gozag.
  5389 | D:6      | Reached XP level 8. HP: 57/57 MP: 11/16
  5950 | D:6      | Found a staircase to the Ecumenical Temple.
  6336 | Temple   | Entered the Ecumenical Temple
  7000 | D:7      | Identified a scroll of acquirement
  7003 | D:7      | Acquired the +9 rapier "Beetleslayer" {flame, Dex+2}
  7026 | D:7      | Reached XP level 9. HP: 65/65 MP: 15/18
  7118 | D:7      | Found Juehany's Jewellery Shop.
  7277 | D:7      | Reached skill level 5 in Short Blades
  7363 | D:7      | Reached skill level 8 in Conjurations
  7430 | D:7      | Noticed a four-headed hydra
  7434 | D:7      | Found a sand-covered staircase.
  7439 | Ossuary  | Entered an ossuary
  7789 | D:7      | Noticed a komodo dragon
  7803 | D:7      | Killed a komodo dragon
  7804 | D:7      | Reached skill level 5 in Invocations
  8623 | D:7      | Killed a four-headed hydra
  8624 | D:7      | Reached skill level 5 in Fighting
  8624 | D:7      | Reached skill level 5 in Long Blades
  8624 | D:7      | Reached skill level 5 in Axes
  8624 | D:7      | Reached skill level 5 in Maces & Flails
  8624 | D:7      | Reached skill level 5 in Polearms
  8624 | D:7      | Reached skill level 5 in Staves
  8624 | D:7      | Reached skill level 5 in Slings
  8624 | D:7      | Reached skill level 5 in Bows
  8624 | D:7      | Reached skill level 5 in Crossbows
  8624 | D:7      | Reached skill level 5 in Throwing
  8624 | D:7      | Reached skill level 5 in Armour
  8624 | D:7      | Reached skill level 5 in Shields
  8624 | D:7      | Reached skill level 5 in Unarmed Combat
  8624 | D:7      | Reached skill level 5 in Evocations
  8624 | D:7      | Reached XP level 10. HP: 39/74 MP: 8/20
  9855 | D:8      | Found a staircase to the Lair.
 10167 | D:9      | Lost mutation: You are covered in fur. (AC +1) [potion of
                  | mutation]
 10167 | D:9      | Gained mutation: Your system is resistant to poisons.
                  | (rPois) [potion of mutation]
 10167 | D:9      | Gained mutation: You sometimes lose the ability to read
                  | scrolls when taking damage. [potion of mutation]
 10167 | D:9      | Gained mutation: You expend magic power (3 MP) to
                  | strengthen your wands. [potion of mutation]
 10168 | D:9      | Lost mutation: Your system is resistant to poisons. (rPois)
                  | [potion of mutation]
 10168 | D:9      | Lost mutation: You sometimes lose the ability to read
                  | scrolls when taking damage. [potion of mutation]
 10168 | D:9      | Lost mutation: You expend magic power (3 MP) to strengthen
                  | your wands. [potion of mutation]
 10168 | D:9      | Gained mutation: You are agile. (Dex +2) [potion of
                  | mutation]
 10169 | D:9      | Lost mutation: You are agile. (Dex +2) [potion of mutation]
 10169 | D:9      | Gained mutation: You sometimes lose the ability to read
                  | scrolls when taking damage. [potion of mutation]
 10169 | D:9      | Gained mutation: Your muscles are strong. (Str +2) [potion
                  | of mutation]
 10169 | D:9      | Gained mutation: You tend to lose your temper in combat.
                  | [potion of mutation]
 10169 | D:9      | Gained mutation: You are partially covered in iridescent
                  | scales. (AC +2) [potion of mutation]
 10170 | D:9      | Lost mutation: You tend to lose your temper in combat.
                  | [potion of mutation]
 10170 | D:9      | Lost mutation: You are partially covered in iridescent
                  | scales. (AC +2) [potion of mutation]
 10170 | D:9      | Gained mutation: You expend magic power (3 MP) to
                  | strengthen your wands. [potion of mutation]
 10170 | D:9      | Gained mutation: You have large cloven feet. [potion of
                  | mutation]
 11160 | D:9      | Noticed Maggie
 11160 | D:9      | Noticed Erica
 11212 | D:9      | Learned a level 2 spell: Ensorcelled Hibernation
 11241 | D:9      | Learned a level 1 spell: Apportation
 11433 | D:9      | Killed Erica
 11434 | D:9      | Reached XP level 11. HP: 72/81 MP: 19/22
 11440 | D:9      | Killed Maggie
 12096 | D:10     | Entered Level 10 of the Dungeon
 12096 | D:10     | Noticed a two-headed ogre
 12281 | D:10     | Reached skill level 5 in Hexes
 12281 | D:10     | Reached skill level 5 in Summonings
 12281 | D:10     | Reached skill level 5 in Necromancy
 12281 | D:10     | Reached skill level 5 in Translocations
 12281 | D:10     | Reached skill level 5 in Transmutations
 12281 | D:10     | Reached skill level 5 in Fire Magic
 12281 | D:10     | Reached skill level 5 in Ice Magic
 12281 | D:10     | Reached skill level 5 in Air Magic
 12281 | D:10     | Reached skill level 5 in Earth Magic
 12281 | D:10     | Reached skill level 5 in Poison Magic
 12285 | D:10     | Noticed a two-headed ogre
 12295 | D:10     | Killed a two-headed ogre
 12560 | D:10     | Killed a two-headed ogre
 12672 | D:10     | Noticed a two-headed ogre
 13029 | D:10     | Killed a two-headed ogre
 13030 | D:10     | Reached skill level 9 in Conjurations
 13645 | D:11     | Noticed a five-headed hydra
 13666 | D:11     | HP: 3/83 [five-headed hydra (4)]
 13666 | D:11     | Slain by a five-headed hydra

Illustrated notes

Levels and vault maps discovered:
D:1:      minmay_arrival_open_corners, layout_basic
D:2:      minmay_skewed_foursquare, layout_basic,
          chequers_serial_rivers_micro_d, lemuel_flame_loot_1, uniq_robin
D:3:      layout_rooms, minmay_misc_feat_diagonals, minmay_close_crescents,
          uniq_sigmund
D:4:      layout_loops_ring, yredelemnul_altar_generic
D:5:      layout_gridville, grunt_temple_overflow_opulence,
          nicolae_vehumet_altar_sigil
D:6:      layout_basic, minmay_temple_entry_large_hall
D:7:      wander_river, layout_layer_cave, enter_ossuary_5, serial_shops,
          nicolae_take_the_stairs, minmay_manual_monstrance
D:8:      layout_loops_corners, lair_entry_dummy
D:9:      cheibrodos_helix_gallery, layout_loops_ring, hangedman_decor_points,
          uniq_maggie, uniq_erica
D:10:     layout_stronghold
D:11:     layout_basic, orc_0_dummy
Temple:   dpeg_five_rooms_temple

Skill      XL: |  1  2  3  4  5  6  7  8  9 10 11 |
---------------+----------------------------------+-----
Spellcasting   | 5 6 7 8 |  8.3
Invocations    | 1 2 3 4 5 6 7 |  7.1
Fighting       | 1 2 3 5 6 |  6.5
Short Blades   | 1 2 4 6 7 8 |  8.8
Long Blades    | 1 2 3 5 6 |  6.5
Axes           | 1 2 3 5 6 |  6.5
Maces & Flails | 1 2 3 5 6 |  6.5
Polearms       | 1 2 3 5 6 |  6.5
Staves         | 1 2 3 5 6 |  6.5
Slings         | 1 2 3 5 6 |  6.5
Bows           | 1 2 3 5 6 |  6.5
Crossbows      | 1 2 3 5 6 |  6.5
Throwing       | 1 2 3 5 6 |  6.5
Armour         | 1 2 3 5 6 |  6.5
Shields        | 1 2 3 5 6 |  6.5
Unarmed Combat | 1 2 3 5 6 7 |  7.9
Evocations     | 1 2 3 5 6 |  6.5
Hexes          | 1 2 3 4 5 |  5.3
Summonings     | 1 2 3 4 5 |  5.3
Necromancy     | 1 2 3 4 5 |  5.3
Translocations | 1 2 3 4 5 |  5.3
Transmutations | 1 2 3 4 5 |  5.3
Fire Magic     | 1 2 3 4 5 |  5.3
Ice Magic      | 1 2 3 4 5 |  5.3
Air Magic      | 1 2 3 4 5 |  5.3
Earth Magic    | 1 2 3 4 5 |  5.3
Poison Magic   | 1 2 3 4 5 |  5.3
Dodging        | 5 6 7 8 |  8.0
Stealth        | 5 6 7 |  7.8
Conjurations   | 8 9 |  9.0

Action                   |  1- 3 |  4- 6 |  7- 9 | 10-12 || total
-------------------------+-------+-------+-------+-------++-------
Melee: Dagger            |       |     8 |     3 |       ||    11
       Rapier            |       |       |   120 |    73 ||   193
       Bite              |       |       |     3 |     4 ||     7
       Punch             |       |       |     1 |       ||     1
       Kick              |       |       |       |     9 ||     9
Throw: Boomerang         |       |       |       |     1 ||     1
 Cast: Magic Dart        |    37 |    62 |       |       ||    99
       Searing Ray       |     2 |    14 |    44 |    21 ||    81
       Iskenderun's Myst |       |       |     5 |    12 ||    17
       Fulminant Prism   |       |       |     3 |     1 ||     4
       Ensorcelled Hiber |       |       |       |    17 ||    17
Evoke: Wand              |       |       |     2 |       ||     2
  Use: Scroll            |       |       |    17 |     2 ||    19
       Potion            |       |       |     1 |     4 ||     5
 Stab: Sleeping          |       |       |     4 |    16 ||    20
Armor: Robe              |     2 |     3 |    13 |       ||    18
       Leather armour    |       |       |    33 |    19 ||    52
       Troll leather arm |       |       |       |    12 ||    12
Dodge: Dodged            |     3 |    21 |   103 |   101 ||   228
